← All builds
Geo / Armada / Economy first / OBSERVED BUILD

Blitz raid

Armada Geo build order · Supreme Isthmus

Geo rushes a Vehicle Plant before its advanced metal extractor and sends Blitz tanks raiding from around 4:26, well ahead of the usual T2 push timing.

Usually blows up the commander for T2 (66%)

#raid #rush · 115 distinct matches · 37 players · 4% of Armada Geo games · team won 52% of 116 · Recently observed

THE CATCH, AND WHAT COMES WITH IT
  • BlitzT1 vehicle raid from 4:26 · 6% of role by thenFrom the Vehicle Plant. Only 6% of Geo games have it by then; others who build it get it around 7:25
  • Vehicle PlantVehicle Plant in 99%17% of all Geo games by then
  • BlitzBlitz in 53%3% of all Geo games by then

Started with Blitz (90%), Pincer (9%), Rover (1%).

Where those units first fight, in 115 games with kill data: in the middle 77%, on their own side 18%.

Those units destroy a typical 1,428 metal of enemy units by 15:00.

Then transitions into Starlight (20% of army), Jaguar (12% of army).

HOW TO PLAY IT

Key timing: Blitz raid by 4:15

  1. Open mex and Bot Lab same as the usual Geo start.
  2. Get geo up on schedule to keep pace with role norms.
  3. Rush Vehicle Plant and send Blitz tanks out to raid early.
  4. Reclaim Vehicle Plant in most games to recover metal.
  5. Switch into Starlight and Jaguar army as advanced geo finishes.

Phase by phase

TYPICAL OF ITS 115 GAMES · AGAINST STANDARD GEO
  1. 1
  2. 2
  3. 3
  4. 4
PLAY THE OPENING

Follow the example game's first 6:00 step by step: what to build now, what comes next, and where it goes. At 1× it keeps pace with your own game.

  1. 1

    Up to the Bot Lab

    Economy
    • Metal Extractor3Mex
    • Wind Turbine4Wind
    Order
    1. Bot LabBot Lab after 3 mex, 4 winddone ~1:12, middle half 0:59–1:18

    By 0:56 in all: 3 mex · 4 wind

    The example game in this phase · 4 steps
    1. Mex ×2
    2. Wind
    3. Solar ×2
    4. Bot LabBot Labdone 0:57 · typical 1:12
  2. 2

    Bot Lab to T1 vehicle raid

    Economy
    • Metal Extractor1Mex
    • Wind Turbine1Wind−2 vs standard
    • Energy Converter6Converter
    Order
    1. Geothermal PowerplantGeo after 4 mex, 4 wind, 1 con turret
    2. Bot LabEat Bot Lab
    3. Vehicle PlantVehicle Plant after 4 mex, 5 wind, 6 converter
    4. BlitzT1 vehicle raid after 4 mex, 5 wind, 6 converter
    Builders
    • Construction Turret3 Con turret
    • Lazarus5 Lazarus
    • Construction Bot1 Con bot
    • Construction Bot1 Con bot for allies
    • Lazarus1 Lazarus for allies

    Some games also: energy storage (49%)

    By 4:26 in all: 4 mex · 5 wind · 1 geo · 6 converter · 1 energy storage · 3 con turret

    The example game in this phase · 22 steps
    1. Construction BotCon bot
    2. Wind ×2
    3. Construction BotCon botfor Beach sea
    4. Wind ×2
    5. Mex
    6. LazarusLazarus
    7. Wind
    8. Construction BotCon botfor Pond
    9. Wind ×2
    10. LazarusLazarusfor Beach sea
    11. Construction BotCon bot
    12. Mex
    13. Wind
    14. Con turret
    15. Energy storage
    16. Wind ×3
    17. Geothermal PowerplantGeodone 3:35 · typical 3:31
    18. Wind
    19. Vehicle PlantVehicle Plantdone 4:21 · typical 4:22
    20. Converter ×4
    21. NettleNettle
    22. BlitzBlitzdone 4:34
  3. 3

    T1 vehicle raid to Advanced Vehicle Plant

    Order
    1. Vehicle PlantEat Vehicle Plant
    2. Advanced Geothermal PowerplantAdvanced Geothermal Powerplant after 5 wind, 6 converter, 6 con turretin 53% of games
    3. Advanced Vehicle PlantAdvanced Vehicle Plant after 10 wind, 9 converter, 6 con turretdone ~8:43, middle half 8:05–10:01
    Builders
    • Construction Turret3 Con turret
    • Construction Vehicle1 Con vehicle
    Army
    • Blitz11 Blitz +11 vs standard

    Some games also: converter (46%) · wind (45%) · energy storage (40%)

    The standard build makes here, this one skips: 3 wind · 7 converter

    By 8:04 in all: 4 mex · 8 wind (standard 11) · 1 geo · 1 Advanced Geothermal Powerplant · 8 converter (standard 12) · 1 energy storage

    The example game in this phase · 15 steps
    1. BlitzBlitz
    2. Bot LabEat Bot Labreclaimed for its metal
    3. Converter
    4. BlitzBlitz
    5. Converter
    6. BlitzBlitz
    7. Converter
    8. BlitzBlitz ×6
    9. Advanced Metal ExtractorT2 mexdone 6:44 · typical 6:00
    10. BlitzBlitz
    11. Wind
    12. BlitzBlitz ×4
    13. Vehicle PlantEat Vehicle Plantreclaimed for its metal
    14. Advanced Metal ExtractorT2 mex ×2
    15. Con turret
  4. 4

    Advanced Vehicle Plant to 10:00

    Some games also: wind (41%) · Starlight (36%)

    The standard build makes here, this one skips: 4 wind · 2 converter · 2 Starlight

    By 10:00 in all: 4 mex · 12 wind (standard 18) · 1 geo · 1 Advanced Geothermal Powerplant · 10 converter (standard 16) · 1 energy storage

    The example game in this phase · 105 steps
    1. Advanced Geothermal PowerplantAdvanced Geothermal Powerplantdone 9:25 · typical 7:50
    2. Con turret
    3. Advanced Metal ExtractorT2 mex
    4. Converter
    5. Bot LabBot Labdone 9:37
    6. Con turret ×2
    7. Converter
    8. Bot LabBot Labdone 9:56
    9. Con turret
    10. PawnPawn ×3
    11. Con turret
    12. PawnPawn ×2
    13. Con turret
    14. PawnPawn ×2
    15. Converter
    16. PawnPawn ×2
    17. Bot LabBot Labdone 10:23
    18. PawnPawn ×8
    19. Converter
    20. PawnPawn ×2
    21. Con turret
    22. PawnPawn ×4
    23. Bot LabBot Labdone 10:36
    24. PawnPawn ×4
    25. Converter
    26. PawnPawn
    27. CitadelAnti-nukedone 11:47
    28. PawnPawn ×7
    29. Converter
    30. PawnPawn ×6
    31. LazarusLazarus
    32. PawnPawn ×2
    33. Converter
    34. PawnPawn ×14
    35. LazarusLazarus
    36. PawnPawn ×7
    37. Converter
    38. PawnPawn ×9
    39. LazarusLazarus
    40. PawnPawn ×7
    41. Converter
    42. PawnPawn
    43. ArbalestArbalest
    44. PawnPawn ×5
    45. Converter
    46. PawnPawn ×4
    47. LazarusLazarus
    48. Converter
    49. PawnPawn ×14
    50. Converter
    51. PawnPawn ×2
    52. LazarusLazarus
    53. PawnPawn ×8
    54. Converter
    55. PawnPawn ×8
    56. LazarusLazarus
    57. PawnPawn ×15
    58. LazarusLazarus
    59. PawnPawn ×7
    60. Converter
    61. PawnPawn ×9
    62. LazarusLazarus
    63. PawnPawn
    64. NettleNettle
    65. PawnPawn ×2
    66. Converter
    67. PawnPawn ×4
    68. NettleNettle
    69. PawnPawn ×5
    70. CrossbowCrossbow
    71. PawnPawn ×2
    72. Converter
    73. LazarusLazarus
    74. PawnPawn ×2
    75. NettleNettle
    76. PawnPawn ×8
    77. Converter
    78. PawnPawn ×2
    79. CrossbowCrossbow
    80. PawnPawn ×3
    81. NettleNettle
    82. LazarusLazarus
    83. PawnPawn ×6
    84. SentrySentry
    85. PawnPawn ×2
    86. CrossbowCrossbow
    87. PawnPawn ×2
    88. Converter
    89. PawnPawn ×4
    90. SentrySentry
    91. LazarusLazarus
    92. PawnPawn ×8
    93. CrossbowCrossbow
    94. PawnPawn ×7
    95. LazarusLazarus
    96. PawnPawn ×5
    97. CrossbowCrossbow
    98. PawnPawn ×6
    99. Converter
    100. PawnPawn ×3
    101. NettleNettle
    102. LazarusLazarus
    103. PawnPawn ×6
    104. CrossbowCrossbow
    105. PawnPawn ×3

Counts are medians over the build's games: half of them build more, half fewer. The example game is HansJoachim's (43 OS, 05/10/2026); pick another.

Team trades

IN AT LEAST 30% OF ITS GAMES

You hand over

  • Lazarus1 Lazarus to Beach sea or Frontfirst at 2:15 · in 69% of games
  • Construction Bot1 Con bot to Beach seafirst at 2:42 · in 83% of games
  • Advanced Construction Vehicle1 T2 con vehicle to Front or Suicide frontfirst at 9:24 · in 41% of games

You get

  • Advanced Construction Bot1 T2 con bot from Techfirst at 4:58 · in 88% of games

How it plays out

Typical game of this build against the role’s standard build, running totals by minute

  • This build
  • Standard geo

Metal produced

020k40k
0:005:0010:0015:00

metal

Enemy metal destroyed

05k10k15k
0:005:0010:0015:00

metal

Own metal lost

02.5k5k7.5k
0:005:0010:0015:00

metal

116 games.

Show as table
ByMetal produced: This buildMetal produced: Standard geoEnemy metal destroyed: This buildEnemy metal destroyed: Standard geoOwn metal lost: This buildOwn metal lost: Standard geo
1:003843330000
2:009078590000
3:00164015270000
4:00265226710000
5:00411936940000
6:00606856387201200
7:007922802372009900
8:001055011345993013400
9:001346214407137343145084
10:00162941727817844791598200
11:001917720120285517482045520
12:0021733229924487362131141607
13:0024289257345933591042792971
14:0027337285837274824859024426
15:00298033135484501020567065580
WHAT THE NUMBERS SAY

Matches standard team win rate but trades more own metal lost for a higher metal production lead, with raids fighting mostly at home.

  • + Metal production climbs to 4434 vs 3716 standard by 5:00.
  • + Enemy metal destroyed by 10:00 triples standard (1823 vs 534).
  • − Own metal lost by 10:00 jumps to 1600 vs 260 standard.
  • − Enemy metal destroyed by 15:00 still falls short of standard (8429 vs 10573).
THE EXAMPLE YOU ARE READING

HansJoachim

42.9 OS · 05/10/2026

Open source match ↗

1 received units · includes a constructor
448 metal received · 47010 energy received

Allied construction assistance is unknown. Timings are observations, not a promise of solo reproducibility.

Typical milestones

Bot Lab1:12Middle 50%: 0:59–1:18 · n=111
Geothermal Powerplant3:31Middle 50%: 3:16–3:41 · n=114
Vehicle Plant4:22Middle 50%: 4:06–4:48 · n=116
Advanced Metal Extractor6:00Middle 50%: 5:36–6:42 · n=108
Advanced Geothermal Powerplant7:50Middle 50%: 7:26–8:30 · n=68
Advanced Vehicle Plant8:43Middle 50%: 8:05–10:01 · n=75
Starlight9:48Middle 50%: 8:55–11:29 · n=65

Played most by

Syphos38games of this buildbadbot10games of this build0neTw06games of this buildYogaBoy1584976games of this buildTheGeneraI5games of this build